 Dungeon Crawl Stone Soup version 0.20.1-1-g8b1a95d (webtiles) character file.

1095 karf the Skirmisher (level 8, -7/62 HPs)
             Began as a Demonspawn Fighter on Oct 30, 2017.
             Mangled by a slime creature (18 damage)
             ... on level 5 of the Dungeon.
             The game lasted 00:11:21 (3716 turns).

karf the Skirmisher (Demonspawn Fighter)            Turns: 3716, Time: 00:11:22

Health: -7/62      AC:  0    Str: 16    XL:     8   Next: 10%
Magic:  8/8        EV:  7    Int:  9    God:
Gold:   231        SH: 10    Dex: 16    Spells: 7/7 levels left

rFire    . . .     SeeInvis .   l - +1 short sword (speed)
rCold    . . .     Gourm    .   c - +0 shield
rNeg     . . .     Faith    .   b - +0 scale mail
rPois    .         Spirit   .   u - +1 helmet
rElec    .         Reflect  .   (no cloak)
rCorr    .         Harm     .   t - +0 pair of gloves
MR       .....                  (no boots)
Stlth    ..........             (no amulet)
Regen    0.2/turn               (no ring)
MPRegen  0.2/turn               (no ring)

@: corroded
A: hooves 1, icy blue scales 1, spiny 3
a: no special abilities


You were on level 5 of the Dungeon.
You were not hungry.

You visited 1 branch of the dungeon, and saw 5 of its levels.

You collected 231 gold pieces.

Inventory:

Hand Weapons
 l - a +1 short sword of speed (weapon)
Armour
 b - a +0 scale mail (worn)
 c - a +0 shield (worn)
 t - a +0 pair of gloves (worn)
 u - a +1 helmet (worn)
Jewellery
 d - an uncursed ring of protection from cold {unknown}
Wands
 v - a wand of clouds (6/9)
Scrolls
 a - a scroll of noise {unknown}
 h - 6 scrolls of identify
 k - 3 scrolls of remove curse
 p - 2 scrolls of teleportation
 w - a scroll of amnesia
 y - a scroll of enchant weapon {unknown}
Potions
 e - a potion of haste {unknown}
 i - a potion of resistance
 n - a potion of flight {unknown}
 o - 2 potions of curing
 q - 2 potions of magic {unknown}
 r - 2 potions of brilliance {unknown}
 x - a potion of ambrosia {unknown}
Comestibles
 f - 4 bread rations
 g - a chunk of flesh
 j - 2 royal jellies
 m - 2 fruits
 s - 2 meat rations


   Skills:
 + Level 5.2 Fighting
 * Level 5.1(5.3) Short Blades
   Level 2.1(3.9) Long Blades
 + Level 4.6 Armour
 + Level 4.7 Shields


You had 7 spell levels left.
You didn't know any spells.

Dungeon Overview and Level Annotations

Branches:
Dungeon (5/15)
 Temple: D:4-7

Altars:
Cheibriados

Annotations:
D:2 1 runed door, exclusion: door


Innate Abilities, Weirdness & Mutations

You have large cloven feet.
You are partially covered in icy blue scales. (AC +2)
You are completely covered in sharp spines.


Message History

You kill the jelly!
You hit the ooze but do no damage. You kick the ooze, but do no damage.
The ooze is severely wounded.
You hit the ooze but do no damage.
The ooze is severely wounded.
You barely miss the slime creature.
You kick the slime creature, but do no damage.
You hit the slime creature but do no damage.
You kick the slime creature, but do no damage.
Your shield and scale mail prevent you from hitting the slime creature.
You kick the slime creature, but do no damage.
The slime creature hits you!
You are too injured to fight recklessly!
You are too injured to fight recklessly!
It was a potion of curing.
You feel better. The slime creature hits you!!
* * * LOW HITPOINT WARNING * * *
There is an open door here.
The slime creature jiggles.
The slime creature hits you!!
You die...

............##)...#....#
........(....()(........
............(###'''###.
.(.....##(..####...##
.......##...###.....##
............##.....(.#
............##.......#
............##.......#
............##..@....#
...........###...J####
...........# #....J.J##
...........# ########J#
.<.....##..# ##.J.JJ.##
.......##..# #J#######
.......##..##.÷.JJ....
...(...##..##...P.P÷÷.
.......)...##.÷.P..÷P.


You could see a slime creature and an ooze.

Vanquished Creatures
  Sigmund (D:4)
  Edmund (D:4)
  An ogre (D:5)
  3 big kobolds (D:5)
  A gnoll sergeant (D:4)
  A scorpion (D:4)
  2 jellies (D:5)
  An orc wizard (D:4)
  An iguana (D:4)
  Ijyb (D:3)
  A worker ant (D:4)
  16 gnolls
  2 adders
  An ooze (D:1)
  2 worms
  4 dart slugs
  5 orcs
  3 ball pythons
  9 bats
  2 giant cockroaches
  9 goblins
  5 hobgoblins
  13 kobolds
  A quokka (D:2)
  4 frilled lizards
  2 rats
92 creatures vanquished.

Vanquished Creatures (others)
  2 fungi (D:5)
  4 toadstools (D:5)
6 creatures vanquished.

Grand Total: 98 creatures vanquished

Notes
Turn   | Place    | Note
-------+----------+-------------------------------------------
     0 | D:1      | karf the Demonspawn Fighter began the quest for the Orb.
     0 | D:1      | Reached XP level 1. HP: 18/18 MP: 1/1
   175 | D:1      | Gained mutation: You have large cloven feet. [demonic ancestry]
   175 | D:1      | Reached XP level 2. HP: 15/24 MP: 2/2
   970 | D:2      | Gained mutation: You are partially covered in sharp spines. [demonic ancestry]
   970 | D:2      | Reached XP level 3. HP: 29/29 MP: 3/3
  1160 | D:2      | Found a faded altar of an unknown god.
  1162 | D:2      | Reached skill level 1 in Short Blades
  1366 | D:2      | Found a runed door.
  1702 | D:3      | Found a snail-covered altar of Cheibriados.
  1948 | D:3      | Reached XP level 4. HP: 35/35 MP: 4/4
  2115 | D:3      | Noticed Ijyb
  2119 | D:3      | Killed Ijyb
  2259 | D:4      | Noticed Edmund
  2274 | D:4      | Killed Edmund
  2274 | D:4      | Gained mutation: You are partially covered in icy blue scales. (AC +2) [demonic ancestry]
  2274 | D:4      | Reached XP level 5. HP: 29/42 MP: 5/5
  2425 | D:4      | Noticed Sigmund
  2435 | D:4      | Gained mutation: You are mostly covered in sharp spines. [demonic ancestry]
  2435 | D:4      | Reached XP level 6. HP: 48/48 MP: 6/6
  2441 | D:4      | Killed Sigmund
  2645 | D:4      | Gained mutation: You are completely covered in sharp spines. [demonic ancestry]
  2645 | D:4      | Reached XP level 7. HP: 55/55 MP: 7/7
  3057 | D:5      | Entered Level 5 of the Dungeon
  3649 | D:5      | Reached skill level 5 in Fighting
  3656 | D:5      | Reached skill level 5 in Short Blades
  3656 | D:5      | Reached XP level 8. HP: 59/62 MP: 8/8
  3685 | D:5      | Noticed a slime creature
  3686 | D:5      | Noticed a slime creature
  3716 | D:5      | Mangled by a slime creature

Skill      XL: |  1  2  3  4  5  6  7 |
---------------+----------------------+-----
Long Blades    | 2 |  2.1
Armour         | 3 4 |  4.6
Short Blades   | 1 2 3 5 |  5.1
Shields        | 3 4 |  4.7
Fighting       | 4 5 |  5.2

Action                   |  1- 3 |  4- 6 |  7- 9 || total
-------------------------+-------+-------+-------++-------
Melee: Long sword        |    31 |       |       ||    31
       Short sword       |    75 |    89 |   142 ||   306
       Kick              |    21 |    29 |    51 ||   101
  Use: Scroll            |     5 |       |       ||     5
       Potion            |       |     2 |     2 ||     4
 Stab: Sleeping          |     2 |       |       ||     2
  Eat: Chunk             |     3 |     2 |     4 ||     9
Armor: Robe              |     8 |       |       ||     8
       Scale mail        |     7 |    19 |    47 ||    73
Dodge: Dodged            |    23 |    10 |    35 ||    68
Block: Shield            |    40 |    26 |    71 ||   137
       Rpst.: Long sword |     4 |       |       ||     4
